 Dungeon Crawl Stone Soup version 0.31.0-9-g3a7656b989 (webtiles) character file.

Game seed: 6794212405119873318

2 FinalFate the Cutter (level 1, -1/18 HPs)
             Began as a Merfolk Chaos Knight on Feb 2, 2024.
             Was a Plaything of Xom.
             Succumbed to a kobold's poison
             ... on level 1 of the Dungeon.
             The game lasted 00:01:20 (207 turns).

FinalFate the Cutter (Merfolk Chaos Knight)          Turns: 207, Time: 00:01:20

Health: -1/18      AC:  6    Str: 12    XL:     1   Next: 40%
Magic:  1/1        EV: 12    Int: 11    God:    Xom [..*...]
Gold:   1          SH:  0    Dex: 13    Spells: 0/0 levels left

rFire   x . .        a - +0 short sword (chaos)
rCold   + . .        (no shield)
rNeg    . . .        b - +2 leather armour
rPois   .            (no helmet)
rElec   .            (no cloak)
rCorr   .            (no gloves)
SInv    .            e - +0 pair of boots
Will    .....        (no amulet)
Stlth   +            d - ring of ice
HPRegen 0.23/turn    (no ring)
MPRegen 0.07/turn

%: no passive effects
@: lethally poisoned (-1 -> -28)
A: (nimble swimmer 2), mertail
a: Renounce Religion


You were on level 1 of the Dungeon.
You worshipped Xom.
You were a toy of Xom.
You visited 1 branch of the dungeon, and saw 1 of its levels.

You collected 1 gold pieces.

Inventory:

Hand Weapons
 a - a +0 short sword of chaos (weapon)
Armour
 b - a +2 leather armour (worn)
 e - a +0 pair of boots (worn)
Jewellery
 d - a ring of ice (left hand)
Scrolls
 c - a scroll of butterflies
 f - a scroll of teleportation {unknown}
Potions
 g - a potion of cancellation {unknown}
 h - a potion of experience {unknown}


   Skills:
 * Level 3.3 Fighting
 * Level 3.7 Short Blades
 * Level 0.6 Armour
 * Level 2.7 Dodging


You couldn't memorise any spells.
You didn't know any spells.
Your spell library was empty.

Dungeon Overview and Level Annotations

Branches:
Dungeon (1/15)

Altars:


Innate Abilities, Weirdness & Mutations

((You are very nimble when in or above water. (Stealth+, EV+, Speed+++)))
Your lower body shifts to a powerful aquatic tail in water.


Message History

The quokka completely misses you.
You hit the quokka.
The quokka is almost dead.
The quokka bites you but does no damage.
You barely miss the quokka.
The quokka is almost dead.
The quokka closely misses you.
You hit the quokka but do no damage.
The quokka is almost dead.
You hit the quokka.
You kill the quokka!
A kobold comes into view. It is wielding a +2 dagger of venom.
The kobold shouts!
The kobold throws a stone.
The stone closely misses you.
The kobold throws a stone.
The stone hits you but does no damage.
A goblin comes into view. It is wielding a +0 dagger.
The goblin shouts!
Found a brown potion.
The kobold hits you with a +2 dagger of venom.
You are poisoned.
You barely miss the kobold.
You feel sick.
You barely miss the kobold.
You feel sick. The kobold hits you but does no damage.
You are lethally poisoned!
You hit the kobold. You freeze the kobold.
The kobold is severely wounded.
You feel very sick. The kobold barely misses you.
You closely miss the kobold.
The kobold is severely wounded.
You feel sick. The kobold hits you but does no damage.
You are more poisoned.
You completely miss the kobold.
The kobold is severely wounded.
* * * LOW HITPOINT WARNING * * *
You feel very sick. The goblin barely misses you.
The kobold hits you but does no damage.
You are more poisoned.
You die...
Xom titters!

#########
#........
########........
#......@.K....#
#.######.g....#
#.# #......# #.#
.....#.# #.#
.#.....# #.# #.
....## #.# #.
#....# #.# #!
..... ##.#


You could see a goblin and a kobold.

Vanquished Creatures
  An endoplasm (D:1)
  A quokka (D:1)
2 creatures vanquished.

Notes
Turn   | Place    | Note
-------+----------+-------------------------------------------
     0 | D:1      | FinalFate the Merfolk Chaos Knight began the quest for the
                  | Orb.
     0 | D:1      | Reached XP level 1. HP: 18/18 MP: 1/1
    20 | D:1      | XOM: divination: detect creatures
   207 | D:1      | Succumbed to a kobold's poison

Illustrated notes

Levels and vault maps discovered:
D:1:      dpeg_arrival_long_road, layout_loops_ring

Action                     || total
---------------------------++-------
  Melee: Short sword       ||    13
   Stab: Petrifying        ||     1
 Armour: Leather armour    ||     6
  Dodge: Dodged            ||     7
